 Dungeon Crawl Stone Soup version 0.27.1-3-gb3d3a73c9e (webtiles) character file.

Game seed: 934964771687243556

2982 DearestLeader the Magician (level 9, -2/71 HPs)
             Began as a Gnoll Wanderer on Oct 18, 2021.
             Was a Follower of Cheibriados.
             Slain by a two-headed ogre (22 damage)
             ... on level 9 of the Dungeon.
             The game lasted 00:20:17 (10146 turns).

DearestLeader the Magician (Gnoll Wanderer)        Turns: 10146, Time: 00:20:18

Health: -2/71      AC: 14    Str: 21    XL:     9   Next: 83%
Magic:  8/19       EV: 12    Int: 20    God:    Cheibriados [*.....]
Gold:   358        SH:  5    Dex: 12    Spells: 5/21 levels left

rFire    . . .     SeeInvis .   I - +2 long sword (elec)
rCold    . . .     Faith    .   O - +0 buckler
rNeg     . . .     Spirit   .   o - +0 ring mail
rPois    .         Reflect  .   F - +0 helmet
rElec    .         Harm     .   M - +2 cloak
rCorr    .         Rampage  .   (no gloves)
Will     .....                  (no boots)
Stlth    ++........             m - amulet of magic regeneration
HPRegen  0.21/turn              E - +4 ring of protection
MPRegen  0.41/turn              Q - +6 ring of strength

@: very slightly contaminated, very slow
A: fangs 1, strong nose, distributed training
a: Renounce Religion, Bend Time


You were on level 9 of the Dungeon.
You worshipped Cheibriados.
Cheibriados was aware of your devotion.
You visited 2 branches of the dungeon, and saw 10 of its levels.

You collected 607 gold pieces.
You spent 249 gold pieces at shops.

Inventory:

Hand Weapons
 k - a +1 dagger of venom
 w - the +2 hunting sling of Waopn {venom, rCorr}
   (You found it on level 4 of the Dungeon)

   Any ammunition fired from it poisons the flesh of those it strikes.
   rCorr:     It protects you from acid and corrosion.
 H - a +2 great sword of freezing
 I - a +2 long sword of electrocution (weapon)
Missiles
 g - 8 datura-tipped darts
 i - 101 arrows
 n - 6 javelins (quivered)
 x - 61 sling bullets
Armour
 b - a +0 leather armour
 c - a +2 scale mail
 o - a +0 ring mail (worn)
 F - a +0 helmet (worn)
 M - a +2 cloak (worn)
 O - a +0 buckler (worn)
Jewellery
 l - a ring of ice
 m - an amulet of magic regeneration (around neck)
 E - a +4 ring of protection (left hand)
 L - an amulet of the acrobat
 Q - a +6 ring of strength (right hand)
Wands
 a - a wand of polymorph (12)
 j - a wand of digging (6)
 z - a wand of charming (9)
 A - a wand of flame (18)
Scrolls
 e - a scroll of teleportation
 q - a scroll of holy word
 r - 3 scrolls of fog
 t - a scroll of magic mapping
 u - 4 scrolls of identify
 y - a scroll of brand weapon {unknown}
 C - 2 scrolls of noise {unknown}
 D - 2 scrolls of amnesia {unknown}
 J - a scroll of enchant armour {unknown}
 N - a scroll of immolation {unknown}
 R - a scroll of fear {unknown}
Potions
 d - 3 potions of curing
 f - a potion of haste
 h - 3 potions of heal wounds
 p - a potion of attraction
 s - a potion of might {unknown}
 v - a potion of mutation
 B - a potion of lignification {unknown}
 G - a potion of flight {unknown}
 K - a potion of ambrosia {unknown}
 P - a potion of resistance {unknown}


   Skills:
 + Level 6.6 Fighting
 + Level 4.6 Short Blades
 + Level 4.6 Long Blades
 + Level 4.6 Axes
 + Level 4.6 Maces & Flails
 + Level 4.6 Polearms
 + Level 4.6 Staves
 + Level 4.6 Slings
 + Level 4.6 Bows
 + Level 4.6 Crossbows
 + Level 4.6 Throwing
 + Level 5.3 Armour
 + Level 4.6 Dodging
 + Level 5.2 Stealth
 + Level 5.3 Shields
 + Level 4.6 Unarmed Combat
 + Level 6.9 Spellcasting
 + Level 3.8 Conjurations
 + Level 5.4 Hexes
 + Level 3.8 Summonings
 + Level 3.8 Necromancy
 + Level 3.8 Translocations
 + Level 4.4 Transmutations
 + Level 3.8 Fire Magic
 + Level 3.8 Ice Magic
 + Level 3.8 Air Magic
 + Level 3.8 Earth Magic
 + Level 3.8 Poison Magic
 + Level 5.1 Invocations
 + Level 4.6 Evocations


You had 5 spell levels left.
You knew the following spells:

 Your Spells              Type           Power      Damage    Failure   Level
a - Searing Ray           Conj           44%        3d4       4%          2
b - Static Discharge      Conj/Air       22%        N/A       4%          2
c - Ozocubu's Armour      Ice            22%        N/A       10%         3
d - Mephitic Cloud        Conj/Pois/Air  22%        N/A       10%         3
e - Summon Guardian Gole  Hex/Summ       25%        N/A       7%          3
f - Call Canine Familiar  Summ           22%        N/A       10%         3

Your spell library contained the following spells:

 Spells                   Type           Power      Damage    Failure   Level
 Foxfire                  Conj/Fire      88%        2x1d8     3%          1
 Magic Dart               Conj           88%        1d7       3%          1
 Call Imp                 Summ           22%        N/A       4%          2
 Inner Flame              Hex/Fire       25%        N/A       7%          3
 Portal Projectile        Hex/Tloc       50%        N/A       7%          3
 Conjure Flame            Conj/Fire      22%        6-21      10%         3
 Leda's Liquefaction      Hex/Erth       12%        N/A       22%         4
 Orb of Destruction       Conj           11%        9d5       100%        7
 Ozocubu's Refrigeration  Ice            11%        4d7       100%        7
 Spellforged Servitor     Conj/Summ      11%        N/A       100%        7


Dungeon Overview and Level Annotations

Branches:
Dungeon (9/15)             Temple (1/1) D:6
   Lair: D:8-11         Orc: D:9-12

Altars:
Ashenzari
Cheibriados
Dithmenos
Elyvilon
Fedhas
Gozag
Hepliaklqana
Kikubaaqudgha
Makhleb
Nemelex Xobeh
Okawaru
Ru
Sif Muna
Trog
Uskayaw
Vehumet
Wu Jian
Xom
Yredelemnul
Zin
The Shining One

Shops:
D:4 !?!=*   D:8 (

Annotations:
D:4 2 transporters, chujev's ghost, amateur TrBe


Innate Abilities, Weirdness & Mutations

You have very sharp teeth.
Your uncanny sense of smell can sniff out nearby items.
Your experience applies equally to all skills.


Message History

There is an open door here.
Cast which spell? (? or * to list)
A guardian golem appears, shielding your allies.
The two-headed ogre hits your guardian golem with a +0 giant club! x2
Casting: Summon Guardian Golem (dangerous; 7% risk of failure)
Confirm with . or Enter, or press ? or * to list all spells.
The two-headed ogre hits your guardian golem with a +0 giant club!!
Your guardian golem is destroyed!
Casting: Call Canine Familiar (dangerous; 10% risk of failure)
Confirm with . or Enter, or press ? or * to list all spells.
Your hound disappears in a puff of smoke!
Casting: Call Canine Familiar (dangerous; 10% risk of failure)
Confirm with . or Enter, or press ? or * to list all spells.
You miscast Call Canine Familiar.
You are very lightly contaminated with residual magic.
Nothing appears to happen.
The two-headed ogre hits you with a +0 giant club!
The two-headed ogre barely misses you.
Casting: Call Canine Familiar (dangerous; 10% risk of failure)
Confirm with . or Enter, or press ? or * to list all spells.
Your hound disappears in a puff of smoke!
The two-headed ogre misses you.
The two-headed ogre hits you with a +0 giant club!
You hit the two-headed ogre but do no damage.
The two-headed ogre hits you with a +0 giant club!
The two-headed ogre hits you but does no damage.
You slash the two-headed ogre! You bite the two-headed ogre.
The two-headed ogre is lightly wounded.
Your hound barely misses the two-headed ogre.
The two-headed ogre hits you with a +0 giant club!!
* * * LOW HITPOINT WARNING * * *
The two-headed ogre barely misses you.
You hit the two-headed ogre.
Lightning courses through the two-headed ogre!
You bite the two-headed ogre.
The two-headed ogre is heavily wounded.
Your hound barely misses the two-headed ogre.
Your hound completely misses the two-headed ogre.
The two-headed ogre hits you with a +0 giant club!!
You die...

#.######## ##........# ##
#.........).#
..######...........#######
..........................
..>......^..............#
........................#
................h.#####.#
................@O'...#
..................#...#
....####'##+###.<.#...#
....#.........#...#...#
....#.........#...#...#
....#.........#...#...#
....###########...#...#
[....... ....#####
........ .....


You could see a two-headed ogre (ally target) and a friendly hound (summoned).

Vanquished Creatures
  A steam dragon (D:7)
  An acid dragon (D:9)
  A water moccasin (D:8)
  3 necrophages
  A black bear (D:5)
  A sky beast (D:6)
  2 ogres
  A centaur (D:8)
  Blork the orc (D:6)
  A kobold brigand (D:8)
  2 bullfrogs (D:7)
  2 scorpions (D:4)
  A water moccasin zombie (D:6)
  A water moccasin skeleton (D:5)
  5 killer bees (D:7)
  A howler monkey (D:5)
  16 wights
  2 centaur zombies
  A jelly (D:6)
  2 hounds
  2 orc priests
  A gnoll shaman (D:9)
  An iguana (D:6)
  4 orc wizards
  A killer bee zombie (D:3)
  3 gnolls (D:9)
  2 adders (D:5)
  An ufetubus (D:5)
  2 dart slugs
  13 orcs
  3 bats
  8 endoplasms
  3 giant cockroaches
  9 goblins
  3 hobgoblins
  4 jackals
  8 kobolds
  5 quokkas
  7 ball pythons
  A frilled lizard (D:2)
  4 rats
131 creatures vanquished.

Notes
Turn   | Place    | Note
-------+----------+-------------------------------------------
     0 | D:1      | DearestLeader the Gnoll Wanderer began the quest for the
                  | Orb.
     0 | D:1      | DearestLeader set off with the following items: a +0 club,
                  | a scroll of teleportation, a +2 scale mail; and the
                  | following spells available to memorise: Searing Ray, Static
                  | Discharge
     0 | D:1      | Reached XP level 1. HP: 20/20 MP: 6/6
   209 | D:1      | Reached XP level 2. HP: 12/26 MP: 7/7
   955 | D:1      | Reached skill level 5 in Spellcasting
   955 | D:1      | Reached XP level 3. HP: 30/31 MP: 7/9
  1203 | D:2      | Learned a level 2 spell: Searing Ray
  1554 | D:2      | Reached skill level 1 in Invocations
  2284 | D:3      | Reached skill level 1 in Short Blades
  2284 | D:3      | Reached skill level 1 in Long Blades
  2284 | D:3      | Reached skill level 1 in Axes
  2284 | D:3      | Reached skill level 1 in Maces & Flails
  2284 | D:3      | Reached skill level 1 in Polearms
  2284 | D:3      | Reached skill level 1 in Staves
  2284 | D:3      | Reached skill level 1 in Slings
  2284 | D:3      | Reached skill level 1 in Bows
  2284 | D:3      | Reached skill level 1 in Crossbows
  2284 | D:3      | Reached skill level 1 in Throwing
  2284 | D:3      | Reached skill level 1 in Dodging
  2284 | D:3      | Reached skill level 1 in Unarmed Combat
  2284 | D:3      | Reached skill level 1 in Evocations
  2415 | D:3      | Reached XP level 4. HP: 38/38 MP: 11/11
  2446 | D:3      | Found a faded altar of an unknown god.
  2581 | D:3      | Reached skill level 1 in Conjurations
  2581 | D:3      | Reached skill level 1 in Summonings
  2581 | D:3      | Reached skill level 1 in Necromancy
  2581 | D:3      | Reached skill level 1 in Translocations
  2581 | D:3      | Reached skill level 1 in Fire Magic
  2581 | D:3      | Reached skill level 1 in Ice Magic
  2581 | D:3      | Reached skill level 1 in Air Magic
  2581 | D:3      | Reached skill level 1 in Earth Magic
  2581 | D:3      | Reached skill level 1 in Poison Magic
  3226 | D:3      | Reached XP level 5. HP: 41/43 MP: 12/12
  3694 | D:4      | Found Opikh's Jewellery Boutique.
  3983 | D:4      | Found Ciujaodu's General Store.
  3992 | D:4      | Bought a scroll of magic mapping for 35 gold pieces
  4044 | D:4      | Found a shadowy altar of Dithmenos.
  4085 | D:4      | Reached XP level 6. HP: 28/50 MP: 14/14
  4095 | D:4      | Learned a level 2 spell: Static Discharge
  4329 | D:4      | Found Jotsoile's Distillery.
  4332 | D:4      | Bought a potion of mutation for 112 gold pieces
  4332 | D:4      | Bought a potion of curing for 42 gold pieces
  4348 | D:4      | Found a hide-covered altar of Uskayaw.
  4403 | D:4      | Identified the +2 hunting sling of Waopn {venom, rCorr}
  4581 | D:4      | Noticed chujev's ghost (amateur TrBe)
  4582 | D:4      | Found a transporter.
  4593 | D:4      | Found a transporter.
  4595 | D:4      | Found Muhusudu's Distillery.
  4602 | D:4      | Reached skill level 5 in Fighting
  4613 | D:4      | Bought a potion of heal wounds for 60 gold pieces
  4653 | D:4      | Found Kowuoner's Magic Scroll Emporium.
  4761 | D:5      | Entered Level 5 of the Dungeon
  5297 | D:5      | Found a hazy altar of Hepliaklqana.
  5395 | D:5      | Reached XP level 7. HP: 38/54 MP: 15/15
  6369 | D:6      | Reached XP level 8. HP: 47/63 MP: 16/16
  6486 | D:6      | Found a staircase to the Ecumenical Temple.
  6826 | Temple   | Entered the Ecumenical Temple
  6932 | Temple   | Became a worshipper of Cheibriados the Contemplative
  6989 | D:6      | Learned a level 3 spell: Ozocubu's Armour
  7227 | D:6      | Noticed Blork the orc
  7232 | D:6      | Killed Blork the orc
  7892 | D:7      | You fall into a shaft and drop 2 floors!
  7917 | D:8      | Found Ympuila's Antique Weapon Boutique.
  7941 | D:8      | Found a sacrificial altar of Ru.
  7941 | D:8      | Found a bloodstained altar of Trog.
  8023 | D:8      | Found a radiant altar of Vehumet.
  8104 | D:8      | Reached skill level 5 in Hexes
  8104 | D:8      | Reached XP level 9. HP: 58/69 MP: 18/18
  8569 | D:7      | Reached skill level 5 in Armour
  8569 | D:7      | Reached skill level 5 in Shields
  8572 | D:7      | Reached * piety under Cheibriados
  8958 | D:7      | Found a white marble altar of Elyvilon.
  9010 | D:7      | Reached skill level 5 in Stealth
  9225 | D:7      | Found a basalt altar of Yredelemnul.
  9520 | D:8      | Learned a level 3 spell: Mephitic Cloud
  9545 | D:8      | Learned a level 3 spell: Summon Guardian Golem
  9549 | D:8      | Learned a level 3 spell: Call Canine Familiar
  9867 | D:8      | Reached skill level 5 in Invocations
 10135 | D:9      | Noticed a two-headed ogre
 10146 | D:9      | Slain by a two-headed ogre

Illustrated notes

Levels and vault maps discovered:
D:1:      minmay_arrival_loop, layout_basic
D:2:      layout_basic
D:3:      layout_basic, hellmonk_ecumenical_altar_crossroads
D:4:      layout_rooms, nicolae_dithmenos_the_darkroom, kennysheep_mini_moat,
          serial_shops, nicolae_shop_behind_doors, nicolae_shop_stone,
          nicolae_square_shop, nicolae_stop_n_shop_2, nicolae_diamond_shop,
          gammafunk_ghost_smash, nrook_mini_backslash, moated_statue
D:5:      layout_loops_cross, mainiacjoe_overflow_cross_hatched
D:6:      layout_basic, minmay_temple_entry_tees, uniq_blork_the_orc
D:7:      layout_basic, kennysheep_ying_yang
D:8:      layout_rooms, mainiacjoe_overflow_paths,
          gammafunk_temple_overflow_statue, serial_shops, nicolae_square_shop
D:9:      lemuel_ice_spiral_2, layout_irregular_city, lair_entry_dummy,
          hiddenorc2_lemuel, hellmonk_ghost_happy_afterlife
Temple:   dshaligram_water_room_temple

Skill      XL: |  1  2  3  4  5  6  7  8  9 |
---------------+----------------------------+-----
Transmutations | 2 3 4 |  4.4
Spellcasting   | 5 6 |  6.9
Invocations    | 1 2 3 4 5 |  5.1
Short Blades   | 1 2 3 4 |  4.6
Long Blades    | 1 2 3 4 |  4.6
Axes           | 1 2 3 4 |  4.6
Maces & Flails | 1 2 3 4 |  4.6
Polearms       | 1 2 3 4 |  4.6
Staves         | 1 2 3 4 |  4.6
Slings         | 1 2 3 4 |  4.6
Bows           | 1 2 3 4 |  4.6
Crossbows      | 1 2 3 4 |  4.6
Throwing       | 1 2 3 4 |  4.6
Dodging        | 1 2 3 4 |  4.6
Unarmed Combat | 1 2 3 4 |  4.6
Evocations     | 1 2 3 4 |  4.6
Conjurations   | 1 2 3 |  3.8
Summonings     | 1 2 3 |  3.8
Necromancy     | 1 2 3 |  3.8
Translocations | 1 2 3 |  3.8
Fire Magic     | 1 2 3 |  3.8
Ice Magic      | 1 2 3 |  3.8
Air Magic      | 1 2 3 |  3.8
Earth Magic    | 1 2 3 |  3.8
Poison Magic   | 1 2 3 |  3.8
Armour         | 3 4 5 |  5.3
Shields        | 3 4 5 |  5.3
Hexes          | 4 5 |  5.4
Stealth        | 3 4 5 |  5.2
Fighting       | 5 6 |  6.6

Action                   |  1- 3 |  4- 6 |  7- 9 || total
-------------------------+-------+-------+-------++-------
Melee: Club              |    47 |       |       ||    47
       Bite              |    10 |     7 |     7 ||    24
       Dagger            |   183 |    87 |       ||   270
       Long sword        |       |       |    91 ||    91
 Fire: Hunting sling     |       |    44 |   161 ||   205
Throw: Javelin           |       |     5 |       ||     5
 Cast: Searing Ray       |       |       |    13 ||    13
       Static Discharge  |       |       |     2 ||     2
       Call Canine Famil |       |       |     3 ||     3
       Summon Guardian G |       |       |     1 ||     1
  Use: Potion            |       |     2 |       ||     2
       Scroll            |       |     6 |       ||     6
 Stab: Sleeping          |       |     1 |     1 ||     2
Armor: Scale mail        |   159 |    22 |       ||   181
       Ring mail         |       |    20 |    96 ||   116
Dodge: Dodged            |   118 |    44 |   126 ||   288
Block: Buckler           |       |       |    16 ||    16
       Rpst.: Long sword |       |       |    16 ||    16
